 Dungeon Crawl Stone Soup version 0.22.1-1-ga44c0e56f4 (webtiles) character file.

55 LLavrengius the Chiller (level 3, -1/21 HPs)
             Began as a Gargoyle Ice Elementalist on Oct 23, 2018.
             Slain by a phantom (4 damage)
             ... on level 2 of the Dungeon.
             The game lasted 00:06:25 (1084 turns).

LLavrengius the Chiller (Gargoyle Ice Elementalist) Turns: 1084, Time: 00:06:26

Health: -1/21      AC:  5    Str: 11    XL:     3   Next: 93%
Magic:  0/7        EV: 12    Int: 16    God:
Gold:   132        SH:  0    Dex: 10    Spells: 6/7 levels left

rFire    . . .     SeeInvis .   i - +0 short sword
rCold    . . .     Gourm    .   (no shield)
rNeg     + . .     Faith    .   a - +0 robe
rPois    ∞         Spirit   .   (no helmet)
rElec    +         Reflect  .   (no cloak)
rCorr    .         Harm     .   (no gloves)
MR       .....                  (no boots)
Stlth    ++........             (no amulet)
HPRegen  0.07/turn              (no ring)
MPRegen  0.10/turn              (no ring)

@: very slightly contaminated
A: negative energy resistance 1, electricity resistance, unbreathing,
petrification resistance, rot immunity, AC +3
a: no special abilities


You were on level 2 of the Dungeon.
You were not hungry.

You visited 1 branch of the dungeon, and saw 2 of its levels.

You collected 132 gold pieces.

Inventory:

Hand Weapons
 i - a +0 short sword (weapon)
Missiles
 e - 25 stones (quivered)
 h - 20 sling bullets
Armour
 a - a +0 robe (worn)
Scrolls
 f - a scroll of remove curse {unknown}
 l - a scroll of identify {unknown}
 m - a scroll of magic mapping {unknown}
 n - a scroll of enchant weapon {unknown}
Potions
 d - a potion of heal wounds {unknown}
 g - a potion of might {unknown}
 j - a potion of curing {unknown}
 k - a potion of degeneration {unknown}
Comestibles
 b - 2 chunks of flesh
 c - 3 rations


   Skills:
 + Level 1.9 Fighting
 - Level 1.5 Dodging
 - Level 2.1 Stealth
 * Level 2.8 Spellcasting
   Level 1.1 Conjurations
 + Level 3.5 Ice Magic


You had 6 spell levels left.
You knew the following spells:

 Your Spells              Type           Power        Failure   Level  Hunger
a - Freeze                Ice            ##..         4%          1    #......

Your spell library contained the following spells:

 Spells                   Type           Power        Failure   Level  Hunger
 Throw Frost              Conj/Ice       #.....       11%         2    ##.....
 Ozocubu's Armour         Chrm/Ice       #.......     28%         3    ###....
 Throw Icicle             Conj/Ice       #.......     58%         4    #####..
 Summon Ice Beast         Ice/Summ       #.......     67%         4    #####..


Dungeon Overview and Level Annotations

Branches:
Dungeon (2/15)

Altars:


Innate Abilities, Weirdness & Mutations

You are resistant to torment.
Your stone body is resilient. (AC +3)
You are immune to poison.
You resist negative energy. (rN+)
You are resistant to electric shocks. (rElec)
You can survive without breathing.
You are immune to petrification.
You are immune to rotting.


Message History

Aiming: Freeze (safe; 4% risk of failure)
Press: ? - help, Shift-Dir - straight line, f/p - phantom
Aim: a phantom (lightly damaged)
You freeze the phantom.
The phantom resists.
The phantom is lightly damaged.
The phantom hits you.
* * * LOW HITPOINT WARNING * * *
Casting: Freeze (safe; 4% risk of failure)
Confirm with . or Enter, or press ? or * to list all spells.
Aiming: Freeze (safe; 4% risk of failure)
Press: ? - help, Shift-Dir - straight line, f/p - phantom
Aim: a phantom (lightly damaged)
You miscast Freeze.
You are very lightly contaminated with residual magic.
Nothing appears to happen.
The phantom hits you but does no damage.
You hit the phantom but do no damage.
The phantom is lightly damaged.
The phantom hits you.
You die...

.###....!.†...##...
..............# ##
#>.....(....#
#...........#
##....[.....#
#######.......<.....
....................
.######†.....(...#...
#†.W@......#..r
.....#####....##
..#.. ###..# ...# #..
##.. +.. #.


You could see a phantom.

Vanquished Creatures
  An ooze (D:1)
  2 worms (D:2)
  A dart slug (D:1)
  5 giant cockroaches
  7 goblins (D:1)
  8 hobgoblins
  3 kobolds (D:1)
  4 bats
  2 frilled lizards (D:2)
  6 rats
39 creatures vanquished.

Notes
Turn   | Place    | Note
-------+----------+-------------------------------------------
     0 | D:1      | LLavrengius the Gargoyle Ice Elementalist began the quest
                  | for the Orb.
     0 | D:1      | Reached XP level 1. HP: 10/10 MP: 3/3
    87 | D:1      | Reached XP level 2. HP: 15/16 MP: 0/5
   239 | D:1      | Reached skill level 1 in Fighting
   441 | D:1      | Reached XP level 3. HP: 20/20 MP: 6/6
  1046 | D:2      | Noticed a phantom
  1084 | D:2      | Slain by a phantom

Skill      XL: |  1  2 |
---------------+-------+-----
Fighting       | 1 |  1.9
Dodging        | |  1.5
Stealth        | |  2.1
Spellcasting   | |  2.8
Conjurations   | |  1.1
Ice Magic      | |  3.5

Action                   || total
-------------------------++-------
Melee: Unarmed           ||    20
       Short sword       ||   122
       Club              ||     1
 Cast: Freeze            ||    20
 Stab: Sleeping          ||     5
  Eat: Chunk             ||     1
Armor: Robe              ||    44
Dodge: Dodged            ||    96
